 Dungeon Crawl Stone Soup version 0.23-a0-705-g0e654d2 (webtiles) character file.

2713 robertstho the Grappler (level 9, -4/124 HPs)
             Began as a Troll Berserker on Jan 14, 2019.
             Was an Elder of Trog.
             Slain by a hornet (12 damage)
             ... on level 9 of the Dungeon.
             The game lasted 00:06:02 (3818 turns).

robertstho the Grappler (Troll Berserker)           Turns: 3818, Time: 00:06:02

Health: -4/124     AC:  6    Str: 35    XL:     9   Next: 39%
Magic:  8/8        EV: 12    Int:  3    God:    Trog [****..]
Gold:   186        SH:  0    Dex:  9    Spells: 8/8 levels left

rFire    . . .     SeeInvis .     - Unarmed
rCold    . . .     Gourm    +   (no shield)
rNeg     . . .     Faith    .   k - +1 animal skin
rPois    .         Spirit   .   (helmet restricted)
rElec    .         Reflect  .   (no cloak)
rCorr    .         Harm     .   (gloves unavailable)
MR       .....                  (boots unavailable)
Stlth    ..........             (no amulet)
HPRegen  0.70/turn              (no ring)
MPRegen  0.11/turn              (no ring)

@: berserking, lethally poisoned (-4 -> -5), slowed
A: large, unfitting armour, claws 3, fast metabolism 3, gourmand, regeneration
1, shaggy fur 1, tough skin 2
a: Berserk, Trog's Hand, Brothers in Arms, Renounce Religion


You were on level 9 of the Dungeon.
You worshipped Trog.
Trog was greatly pleased with you.
You were very full.

You visited 1 branch of the dungeon, and saw 7 of its levels.

You collected 186 gold pieces.

Inventory:

Hand Weapons
 u - a +0 war axe of chopping
 w - a +0 giant spiked club
Armour
 k - a +1 animal skin (worn)
Wands
 t - a wand of polymorph (7)
 x - a wand of flame (11)
Scrolls
 a - a scroll of random uselessness {unknown}
 d - 9 scrolls of amnesia {unknown}
 e - a scroll of immolation {unknown}
 f - 3 scrolls of identify {unknown}
 g - 3 scrolls of teleportation {unknown}
 h - a scroll of magic mapping {unknown}
 n - a scroll of noise {unknown}
 r - a scroll of fog {unknown}
 y - a scroll of fear {unknown}
 z - a scroll of remove curse {unknown}
Potions
 c - a potion of ambrosia {unknown}
 i - a potion of heal wounds {unknown}
 j - 6 potions of curing {unknown}
 l - 2 potions of cancellation {unknown}
 m - a potion of haste {unknown}
 o - a potion of agility {unknown}
 p - a potion of flight {unknown}
 q - 4 potions of degeneration {unknown}
 s - a potion of lignification {unknown}
Comestibles
 b - 20 rations
 v - 2 chunks of flesh


   Skills:
 + Level 3.2 Fighting
 * Level 6.1 Dodging
 + Level 1.2 Stealth
 * Level 10.8 Unarmed Combat


You had 8 spell levels left.
You didn't know any spells.
Your spell library was empty.

Dungeon Overview and Level Annotations

Branches:
Dungeon (9/15)               Lair (0/6) D:8
 Temple: D:4-7          Orc: D:9-12

Altars:
Ashenzari
Makhleb
Ru
Sif Muna
Trog
Uskayaw

Shops:
D:8 :


Innate Abilities, Weirdness & Mutations

You are too large for most types of armour.
You have claws for hands.
Your metabolism is lightning-fast.
You like to eat raw meat.
Your natural rate of healing is unusually fast.
You are covered in fur. (AC +1)
You have very tough skin. (AC +2)


Message History

The hornet stings you but does no damage.
You can move again.
A red film seems to cover your vision as you go berserk!
You feel yourself moving faster!
You feel mighty!
You feel sick. The hornet misses you. The wyvern skeleton closely misses you.
The hornet stings you but does no damage.
The wyvern skeleton bites you.
* * * LOW HITPOINT WARNING * * *
You claw the hornet!
The hornet is almost dead.
The hornet stings you!
* * * LOW HITPOINT WARNING * * *
You feel as though you will be slow longer.
The wyvern skeleton barely misses you. The hornet closely misses you.
You closely miss the hornet.
The hornet is almost dead.
You feel sick.
The wyvern skeleton bites you but does no damage.
The hornet stings you!
You die...

#..#....................#
#############..##..####+#
###..##+###..# .
#........#...# ..
#........'...# ...
#...##########....
#'#####..##.......
#.........#Z......
#.........@y......
#.........#.......
###########.......
#######


You could see a hornet and a wyvern skeleton.

Vanquished Creatures
  A two-headed ogre (D:8)
  Grinder (D:3)
  A hippogriff (D:8)
  Menkaure (D:4)
  4 orc warriors (D:8)
  An ice beast (D:8)
  A phantom (D:8)
  A centaur (D:8)
  A big kobold (D:8)
  2 bullfrogs (D:8)
  A scorpion (D:5)
  A howler monkey (D:4)
  A crimson imp (D:5)
  4 hounds
  A jelly (D:5)
  A bullfrog skeleton (D:5)
  2 orc priests
  2 iguanas
  2 orc wizards (D:2)
  2 hound skeletons
  Robin (D:2)
  6 adders
  4 gnolls (D:3)
  2 oozes
  A worm (D:2)
  3 dart slugs
  6 leopard geckos
  28 orcs
  3 ball pythons
  9 bats
  2 giant cockroaches
  15 goblins
  11 hobgoblins
  5 jackals
  9 kobolds
  3 quokkas
  2 frilled lizards (D:2)
  A quokka skeleton (D:4)
  11 rats
153 creatures vanquished.

Notes
Turn   | Place    | Note
-------+----------+-------------------------------------------
     0 | D:1      | robertstho the Troll Berserker began the quest for the Orb.
     0 | D:1      | Reached XP level 1. HP: 22/22 MP: 0/0
   176 | D:1      | Reached XP level 2. HP: 29/29 MP: 1/1
   748 | D:2      | Reached XP level 3. HP: 35/36 MP: 2/2
   757 | D:2      | Reached skill level 4 in Unarmed Combat
   851 | D:2      | Noticed Robin
   856 | D:2      | Reached XP level 4. HP: 42/44 MP: 3/3
   862 | D:2      | Killed Robin
   866 | D:2      | Reached ** piety under Trog
   974 | D:2      | Reached XP level 5. HP: 25/50 MP: 4/4
   976 | D:2      | Reached skill level 5 in Unarmed Combat
  1393 | D:3      | Reached *** piety under Trog
  1698 | D:3      | Reached XP level 6. HP: 59/59 MP: 5/5
  1724 | D:3      | Noticed Grinder
  1731 | D:3      | Killed Grinder
  1731 | D:3      | Reached skill level 6 in Unarmed Combat
  1737 | D:3      | Found a bloodstained altar of Trog.
  1892 | D:4      | Noticed Menkaure
  1899 | D:4      | Killed Menkaure
  1899 | D:4      | Reached XP level 7. HP: 66/66 MP: 6/6
  1994 | D:4      | Found a hide-covered altar of Uskayaw.
  1994 | D:4      | Noticed a +0 hand axe
  1994 | D:4      | Noticed a +0 hand axe
  2004 | D:4      | Reached skill level 7 in Unarmed Combat
  2360 | D:4      | Found a burning altar of Makhleb.
  2642 | D:5      | Entered Level 5 of the Dungeon
  2830 | D:5      | Found a deep blue altar of Sif Muna.
  2909 | D:5      | You fall through a shaft for 3 floors!
  2918 | D:8      | Reached **** piety under Trog
  2972 | D:8      | Found a sacrificial altar of Ru.
  3008 | D:8      | Found Cokileppo's Book Boutique.
  3046 | D:8      | Reached skill level 8 in Unarmed Combat
  3175 | D:8      | Reached XP level 8. HP: 45/74 MP: 7/7
  3185 | D:8      | Reached skill level 1 in Stealth
  3324 | D:8      | Noticed a hippogriff
  3331 | D:8      | Killed a hippogriff
  3331 | D:8      | Reached skill level 5 in Dodging
  3331 | D:8      | Reached skill level 9 in Unarmed Combat
  3346 | D:8      | Found a shattered altar of Ashenzari.
  3357 | D:8      | Noticed a two-headed ogre
  3367 | D:8      | Killed a two-headed ogre
  3367 | D:8      | Reached skill level 10 in Unarmed Combat
  3367 | D:8      | Reached XP level 9. HP: 57/81 MP: 8/8
  3565 | D:8      | Found a staircase to the Lair.
  3811 | D:9      | Paralysed by a hornet for 1 turns
  3815 | D:9      | Paralysed by a hornet for 1 turns
  3818 | D:9      | Slain by a hornet

Vault maps used:
D:1:      onia_arrival_mini_maze
D:2:      bh_chokoban, uniq_robin
D:3:      bloody_trog, uniq_grinder
D:4:      dancing_weapons_uskayaw, first_ration, makhleb_blood_cavern_becter,
          uniq_menkaure
D:5:      lemuel_doored_altar, fedhas_altar_fruit_tree,
          nicolae_overflow_hidden_temple, led_sif_pool
D:8:      old_standard_altar, lair_entry_dummy, serial_shops,
          nicolae_shop_behind_doors, special_room, blue_anna_alchemist,
          cheibrodos_ashenzari_chains
D:9:      st_stairs_11, grunt_ministairs_1, lemuel_statue_altar

Skill      XL: |  1  2  3  4  5  6  7  8  9 |
---------------+----------------------------+-----
Dodging        | 3 4 5 6 |  6.1
Unarmed Combat | 4 5 6 8 10 | 10.8
Fighting       | 3 |  3.2
Stealth        | 1 |  1.2

Action                   |  1- 3 |  4- 6 |  7- 9 || total
-------------------------+-------+-------+-------++-------
Melee: Unarmed           |    69 |   110 |   192 ||   371
       Punch             |       |     5 |    14 ||    19
Invok: Berserk           |     1 |     3 |     3 ||     7
 Stab: Sleeping          |       |     2 |     1 ||     3
  Eat: Chunk             |    14 |    11 |    21 ||    46
Armor: Animal skin       |    27 |    52 |    47 ||   126
Dodge: Dodged            |    41 |    61 |   100 ||   202

Table legend:
 A = Non-vault XP
 B = Vault XP
 C = Vault XP percentage of total XP
 D = Non-vault monster count
 E = Vault monster count
 F = Vault count percentage of total count
                 A         B        C        D         E       F
            +---------+---------+-------+---------+---------+-------
      Total |    2766 |    1110 |  28.6 |     118 |      35 |  22.9
            +---------+---------+-------+---------+---------+-------
        D:1 |      38 |       1 |   2.6 |      19 |       1 |   5.0
        D:2 |     211 |      36 |  14.6 |      24 |      12 |  33.3
        D:3 |      97 |     281 |  74.3 |      28 |       1 |   3.4
        D:4 |     198 |     207 |  51.1 |      13 |       2 |  13.3
        D:5 |     245 |       0 |   0.0 |       6 |       0 |   0.0
        D:8 |    1977 |     585 |  22.8 |      28 |      19 |  40.4
            +---------+---------+-------+---------+---------+-------
